 Dungeon Crawl Stone Soup version bcrawl-1.12-10-g10a67aac0f (webtiles) character file.

Game seed: 17552676361350298693

4594 Gumption the Covert (level 10, -24/68 HPs)
             Began as a Dusk Walker Archaeologist on June 18, 2019.
             Was a Priest of Dithmenos.
             Annihilated by a phantasmal warrior (29 damage)
             ... on level 9 of the Dungeon.
             The game lasted 00:44:46 (9127 turns).

Gumption the Covert (Dusk Walker Archaeologist)     Turns: 9127, Time: 00:44:47

Health: -24/68     AC: 20    Str: 17    XL:     10   Next: 19%
Magic:  10/10      EV: 10    Int: 26    God:    Dithmenos [***...]
Gold:   740        SH:  0    Dex: 13    Spells: 9/9 levels left

rFire    + . .     SeeInvis .   a - +4 dagger "Morg" {pain, MR+ Int+12 *Curse} (curse)
rCold    . . .     Gourm    .   (no shield)
rNeg     . . .     Faith    .   C - +0 chain mail
rPois    +         Spirit   .   u - +1 hat
rElec    .         Reflect  .   G - +2 cloak {rPois}
rCorr    .         Harm     .   p - +2 pair of gloves
MR       +....                  c - +1 pair of boots
Stlth    +++++++...             (no amulet)
HPRegen  0.21/turn              x - +3 ring of strength
MPRegen  0.12/turn              s - ring of protection from fire

@: vulnerable, wreathed by umbra
A: draining touch, unencumbered stealth, fangs 3, nightstalker 1
a: Shadow Step, Renounce Religion


You were on level 9 of the Dungeon.
You worshipped Dithmenos.
Dithmenos was most pleased with you.
You were not hungry.

You visited 1 branch of the dungeon, and saw 9 of its levels.

You collected 740 gold pieces.

Inventory:

Hand Weapons
 a - the cursed +4 dagger "Morg" (weapon) {pain, MR+ Int+12 *Curse} In the hands of one skilled in necromantic magic, it inflicts extra damage on living creatures. It affects your intelligence (+12). It affects your resistance to hostile enchantments. It curses itself when equipped. It has a curse placed upon it.
 b - a +0 blowgun
Missiles
 m - 88 exploding tomahawks (quivered)
 A - 656 poisoned needles
 E - 38 curare-tipped needles
Armour
 c - a +1 pair of boots (worn)
 p - a +2 pair of gloves (worn)
 u - a +1 hat (worn)
 C - a +0 chain mail (worn)
 G - a +2 cloak of poison resistance (worn)
 I - a scarf of stasis
Jewellery
 j - an uncursed ring of flight
 s - a ring of protection from fire (right hand)
 x - a +3 ring of strength (left hand)
Wands
 z - a wand of digging (13)
 D - a wand of flame (8)
 H - a wand of clouds (2)
Scrolls
 d - 2 scrolls of enchant armour
 f - a scroll of immolation
 g - a scroll of amnesia {unknown}
 h - 4 scrolls of teleportation
 k - a scroll of brand weapon {unknown}
 t - a scroll of remove curse
 y - a scroll of enchant weapon {unknown}
 B - a scroll of fear
Potions
 i - a potion of curing
 l - 4 potions of flight
 n - 2 potions of brilliance
 o - a potion of resistance {unknown}
 q - a potion of might
 r - a potion of heal wounds
 v - 2 potions of mutation {unknown}
 w - 2 potions of lignification {unknown}
 J - 4 potions of magic
Comestibles
 e - 17 rations {!d}
 F - 2 chunks of flesh


   Skills:
 + Level 5.8 Fighting
 - Level 10.0 Short Blades
 * Level 6.8 Armour
 + Level 6.5 Dodging
 * Level 13.2 Stealth


You had 9 spell levels left.
You didn't know any spells.
Your spell library contained the following spells:

 Spells                   Type           Power        Failure   Level  Hunger
 Magic Dart               Conj           #...         83%         1    ##.....
 Slow                     Hex            #.......     83%         1    ##.....
 Blink                    Tloc           N/A          92%         2    ###....
 Call Imp                 Summ           #.......     92%         2    ###....
 Conjure Flame            Conj/Fire      #.......     99%         3    ####...
 Mephitic Cloud           Conj/Pois/Air  #.......     99%         3    ####...


Dungeon Overview and Level Annotations

Branches:
Dungeon (9/12)             Temple (0/1) D:6            Lair (0/6) D:8
    Orc: D:8-11

Altars:
Dithmenos
Elyvilon
Fedhas
Gozag
Kikubaaqudgha
Lugonu
Makhleb
Yredelemnul
Zin

Shops:
D:7 *


Innate Abilities, Weirdness & Mutations

Your attacks drain your enemies.
You move stealthily even while encumbered by armour.
You have razor-sharp teeth.
You are slightly more attuned to the shadows.


Message History

You bite the phantasmal warrior, but do no damage.
The phantasmal warrior is lightly damaged.
The phantasmal warrior closely misses you.
You hit the phantasmal warrior but do no damage.
The phantasmal warrior is lightly damaged.
You barely miss the phantasmal warrior.
The phantasmal warrior is lightly damaged.
The phantasmal warrior hits you!!
Your magical defenses are stripped away!
The phantasmal warrior hits you!
* * * LOW HITPOINT WARNING * * *
The phantasmal warrior hits you!
* * * LOW HITPOINT WARNING * * *
You feel much better. The phantasmal warrior hits you!
* * * LOW HITPOINT WARNING * * *
The phantasmal warrior hits you.
* * * LOW HITPOINT WARNING * * *
There is a stone staircase leading up here.
The phantasmal warrior hits you!!
You die...

#$........#.
$.........
..8....# ##....#
##.....#
+###......#
..........######
................
######...W@......
#........###
#........#
##########


You could see a phantasmal warrior.

Vanquished Creatures
  Pikel (D:8)
  An ugly thing (D:7)
  A hippogriff (D:6)
  A water moccasin (D:8)
  2 ice beasts
  A black bear (D:7)
  3 orc warriors
  A phantom (D:5)
  2 necrophages
  2 ogres
  A centaur (D:6)
  A crocodile (D:7)
  A big kobold (D:8)
  Blork the orc (D:4)
  A bullfrog (D:3)
  3 scorpions
  5 killer bees (D:8)
  8 wights
  4 crimson imps
  2 centaur skeletons
  5 hounds
  A bullfrog skeleton (D:3)
  4 orc priests
  A jelly (D:6)
  9 orc wizards
  Ijyb (D:4)
  4 iguanas
  12 worker ants
  A worker ant zombie (D:5)
  4 gnolls
  8 adders
  A shadow imp (D:7)
  3 oozes
  2 adder zombies
  5 worms
  5 dart slugs
  8 leopard geckos
  35 orcs
  4 bats
  4 giant cockroaches
  2 goblins (D:1)
  13 hobgoblins
  15 jackals
  13 kobolds
  4 quokkas
  10 frilled lizards
  2 quokka skeletons
  3 rats
221 creatures vanquished.

Vanquished Creatures (others)
  2 plants (D:7)
2 creatures vanquished.

Grand Total: 223 creatures vanquished

Notes
Turn   | Place    | Note
-------+----------+-------------------------------------------
     0 | D:1      | Gumption the Dusk Walker Archaeologist began the quest for
                  | the Orb.
     0 | D:1      | Reached XP level 1. HP: 13/13 MP: 1/1
    97 | D:1      | Reached skill level 5 in Stealth
   280 | D:1      | Reached XP level 2. HP: 11/18 MP: 2/2
   955 | D:2      | Reached skill level 1 in Armour
  1016 | D:2      | Found a basalt altar of Yredelemnul.
  1028 | D:2      | Reached XP level 3. HP: 22/23 MP: 3/3
  1073 | D:2      | Reached skill level 1 in Short Blades
  1565 | D:2      | Found an opulent altar of Gozag.
  1688 | D:2      | Reached skill level 6 in Stealth
  1831 | D:3      | Gained mutation: You are slightly more attuned to the
                  | shadows. [Dusk Walker growth]
  1831 | D:3      | Reached XP level 4. HP: 29/29 MP: 4/4
  1843 | D:3      | Noticed a bullfrog
  1857 | D:3      | Killed a bullfrog
  1857 | D:3      | Reached XP level 5. HP: 7/34 MP: 5/5
  2159 | D:3      | Noticed an ogre
  2161 | D:3      | Killed an ogre
  2191 | D:3      | Reached skill level 7 in Stealth
  2265 | D:3      | Found a shadowy altar of Dithmenos.
  2265 | D:3      | Found a white marble altar of Elyvilon.
  2266 | D:3      | Found a glowing silver altar of Zin.
  2345 | D:3      | Reached XP level 6. HP: 41/41 MP: 6/6
  3146 | D:4      | Reached skill level 5 in Short Blades
  3248 | D:4      | Noticed Ijyb
  3299 | D:4      | Killed Ijyb
  3317 | D:3      | Became a worshipper of Dithmenos the Shadowed
  3677 | D:4      | Reached skill level 8 in Stealth
  3677 | D:4      | Reached XP level 7. HP: 41/45 MP: 7/7
  3744 | D:4      | Noticed Blork the orc
  3763 | D:4      | Killed Blork the orc
  4571 | D:5      | Entered Level 5 of the Dungeon
  4601 | D:5      | Reached skill level 9 in Stealth
  4819 | D:5      | Reached * piety under Dithmenos
  4889 | D:5      | Gained mutation: You have razor-sharp teeth. [Dusk Walker
                  | growth]
  4889 | D:5      | Reached XP level 8. HP: 52/52 MP: 8/8
  5441 | D:5      | Found a corrupted altar of Lugonu.
  5441 | D:5      | Found an ancient bone altar of Kikubaaqudgha.
  5441 | D:5      | Found a blossoming altar of Fedhas.
  5685 | D:6      | Reached ** piety under Dithmenos
  5698 | D:6      | Reached skill level 10 in Stealth
  5775 | D:6      | Reached skill level 5 in Dodging
  6241 | D:6      | Found a staircase to the Ecumenical Temple.
  6371 | D:6      | Reached XP level 9. HP: 59/59 MP: 9/9
  6840 | D:6      | Reached skill level 11 in Stealth
  6955 | D:7      | Reached skill level 5 in Armour
  7014 | D:7      | Found a burning altar of Makhleb.
  7257 | D:7      | Reached skill level 10 in Short Blades
  7260 | D:7      | Reached skill level 5 in Fighting
  7269 | D:7      | Reached *** piety under Dithmenos
  7389 | D:7      | Found Duxzui's General Store.
  7399 | D:7      | Noticed a red ugly thing
  7418 | D:7      | Killed a red ugly thing
  7418 | D:7      | Reached skill level 12 in Stealth
  8426 | D:8      | Noticed Pikel
  8429 | D:8      | Killed Pikel
  8429 | D:8      | Reached skill level 13 in Stealth
  8429 | D:8      | Reached XP level 10. HP: 66/68 MP: 10/10
  8430 | D:8      | Your ally Gumption died
  8566 | D:8      | Found a staircase to the Lair.
  9101 | D:9      | Noticed a phantasmal warrior
  9122 | D:9      | HP: 3/68 [phantasmal warrior (15)]
  9127 | D:9      | Annihilated by a phantasmal warrior

Skill      XL: |  1  2  3  4  5  6  7  8  9 |
---------------+----------------------------+-----
Stealth        | 5 6 7 8 9 10 13 | 13.2
Armour         | 1 2 3 4 6 |  6.8
Short Blades   | 2 3 4 6 7 9 10 | 10.0
Fighting       | 2 3 4 5 |  5.8
Dodging        | 4 5 6 |  6.5

Action                   |  1- 3 |  4- 6 |  7- 9 | 10-12 || total
-------------------------+-------+-------+-------+-------++-------
Melee: Unarmed           |     9 |       |       |       ||     9
       Short sword       |    19 |       |       |       ||    19
       Bite              |     9 |     8 |    66 |     5 ||    88
       Dagger            |   107 |   131 |   676 |    54 ||   968
 Fire: Blowgun           |       |    13 |     4 |       ||    17
Throw: Tomahawk          |       |       |     6 |       ||     6
Invok: Shadow Step       |       |       |     1 |       ||     1
  Use: Scroll            |     2 |       |     7 |     2 ||    11
       Potion            |       |       |       |     1 ||     1
 Stab: Sleeping          |    11 |    15 |    21 |     1 ||    48
       Distracted        |       |       |     4 |       ||     4
  Eat: Chunk             |     3 |     5 |    13 |     2 ||    23
       Ration            |       |       |     1 |       ||     1
Armor: Robe              |    47 |    32 |    42 |       ||   121
       Chain mail        |       |       |   177 |    12 ||   189
Dodge: Dodged            |    78 |    67 |   213 |    15 ||   373
